AoeStats
← Jolly

Arabia

510438271Analyzed
1v1 RM · 2d ago on Oct 1, 2026· 32m 59s· 2 players
Game mode
Random Map
Map size
Tiny (2 player)
Population
200
Speed
Normal
Resources
Standard
Victory
Conquest
Starting age
Dark Age
Ending age
Imperial Age
RankedLock teamsTeams togetherTeam positionsShared explorationLock speedFull tech treeHidden civsTurbo modeCheats
Victory
Defeat
🇨🇦 Lithuanians · Canada
996
+17
🇲🇽 Magyars · Mexico
1017
-17
Jolly
8:28 Feudal Age
6:45 Loom
11:16 Double-Bit Axe
19:45 Castle Age
18:18 Horse Collar
18:29 Gold Mining
19:25 Bloodlines
19:47 Scale Barding Armor
23:06 Forging
22:59 Padded Archer Armor
24:01 Pikeman
26:15 Chain Barding Armor
27:21 Wheelbarrow
29:08 Town Watch
29:51 Fletching
31:40 Scale Mail Armor
31:55 Husbandry
OM | Massiosare
7:23 Loom
10:05 Feudal Age
14:41 Man-at-Arms
22:33 Castle Age
23:27 Scale Barding Armor
23:31 Double-Bit Axe
25:24 Chain Barding Armor
26:29 Bow Saw
30:11 Husbandry
Connection lost

Rejoining the realm…

Still unreachable

The connection could not be restored.

Session expired

The server has moved on; the page needs a fresh start.